 Dungeon Crawl Stone Soup version 0.30-a0-883-g5ad918d77d (webtiles) character file.

Game seed: 13490501181028343599

28 Pimp the Covered (level 3, -4/33 HPs)
             Began as an Armataur Fighter on Mar 17, 2023.
             Slain by Sigmund
             ... wielding a +2 scythe of freezing
              (7 damage)
             ... on level 2 of the Dungeon.
             The game lasted 00:01:54 (973 turns).

Pimp the Covered (Armataur Fighter)                  Turns: 973, Time: 00:01:55

Health: -4/33      AC:  8    Str: 23    XL:     3   Next: 0%
Magic:  3/3        EV:  5    Int:  8    God:
Gold:   42         SH:  4    Dex:  9    Spells: 2/2 levels left

rFire   . . .      SeeInvis .    a - +0 long sword
rCold   . . .      Faith    .    c - +0 buckler
rNeg    . . .      Spirit   .    h - +0 chain mail
rPois   .          Reflect  .    (no helmet)
rElec   .          Roll     +    (no cloak)
rCorr   .                        (no gloves)
Will    .....                    (no barding) Stlth
                                 (no amulet)
HPRegen 0.25/turn                (no ring)
MPRegen 0.08/turn                (no ring)

@: no status effects
A: large, rugged brown scales 3, deformed body, armoured tail, roll, long
tongue, awkward tongue
a: no special abilities


You were on level 2 of the Dungeon.
You visited 1 branch of the dungeon, and saw 2 of its levels.

You collected 42 gold pieces.

Inventory:

Hand Weapons
 a - a +0 long sword (weapon)
Armour
 b - a +0 scale mail
 c - a +0 buckler (worn)
 h - a +0 chain mail (worn)
Potions
 d - a potion of might
 e - a potion of mutation {unknown}


   Skills:
 + Level 3.0 Fighting
 + Level 2.2 Long Blades
 + Level 4.0 Armour
 + Level 3.6 Shields


You had 2 spell levels left.
You didn't know any spells.
Your spell library contained the following spells:

 Spells                   Type           Power      Damage    Failure   Level
 Summon Guardian Golem    Hex/Summ       0%         N/A       100%        3
 Orb of Destruction       Conj           0%         9d5       100%        7
 Spellforged Servitor     Conj/Summ      0%         N/A       100%        7


Dungeon Overview and Level Annotations

Branches:
Dungeon (2/15)

Altars:

Annotations:
D:2 Sigmund


Innate Abilities, Weirdness & Mutations

You are completely covered in rugged brown scales. (AC +3, +7% HP)
Armour fits poorly on your strangely shaped body.
You have a long armoured tail.
You roll when moving toward enemies. (Rampage)
Your long tongue fully drains potion bottles. (2x potion effects)
Your tongue gives you trouble enunciating. (1.5x scroll delay)


Message History

Sigmund casts a spell at you. The puff of flame hits you.
The kobold hits you but does no damage.
You hit the kobold.
You kill the kobold!
The quokka bites you. x2
The quokka bites you but does no damage.
Sigmund hits you from afar with a +2 scythe of freezing.
Sigmund freezes you.
You climb upwards.
There is a stone staircase leading down here.
You slash the quokka!
You kill the quokka!
You have reached level 3!
Your experience leads to an increase in your attributes!
Increase (S)trength, (I)ntelligence, or (D)exterity?
You feel stronger. x2
You start resting.
HP restored.
You start waiting.
Done waiting.
You climb downwards.
Level annotation: Sigmund Sigmund hits you but does no damage.
There is a stone staircase leading up here.
You roll towards Sigmund!
You barely miss Sigmund.
Sigmund points at you and mumbles some strange words.
The magic dart hits you.
You completely miss Sigmund.
Sigmund drinks a potion.
Sigmund flickers and vanishes!
Deactivating autopickup; reactivate with Ctrl-A.
You closely miss something. Something hits you. Something freezes you.
You completely miss something.
Your tail-slap misses something.
Something hits you! Something freezes you.
You closely miss something.
You hear a zap.
A bolt of dispelling energy appears from out of thin air!
The bolt of dispelling energy hits you!
* * * LOW HITPOINT WARNING * * *
You slash something! Something hits you!
You die...

*,,..,*,,,,,,***** **
*****..######*,,,,,****
*,,,*#......#*****,,,,***
*,,,*#......# ****,,,***
*,,,*#......### ***,,,**
*,,,*,,.......#### ***,,,
*,,,,,,**#.......#*****
**** *,,,**,*
#..<(.#...,,,****
*,,,**,*
#.@........,,,,,***
*,,,**,*
#{.........,,,,,,,,
*,,,**,*
#..........,,,,****
******,* #..........,,,,*
* *,* #..........,,,,* *
*,* ####.#.....,,,,* **
*,* *.......,,,<***, *,*
*#.....,,,,,**,, *,*
*****,,,,,,,,,,,,*


There were no monsters in sight!

Vanquished Creatures
  5 bats (D:1)
  An endoplasm (D:1)
  4 goblins (D:1)
  2 hobgoblins (D:1)
  2 quokkas (D:1)
  4 ball pythons (D:1)
  3 frilled lizards (D:1)
  6 kobolds
  A rat (D:1)
28 creatures vanquished.

Notes
Turn   | Place    | Note
-------+----------+-------------------------------------------
     0 | D:1      | Pimp the Armataur Fighter began the quest for the Orb.
     0 | D:1      | Reached XP level 1. HP: 19/19 MP: 1/1
   167 | D:1      | Reached XP level 2. HP: 26/26 MP: 2/2
   463 | D:1      | Reached skill level 4 in Armour
   800 | D:2      | Noticed Sigmund
   807 | D:1      | Reached XP level 3. HP: 18/33 MP: 3/3
   973 | D:2      | Slain by Sigmund

Illustrated notes

Levels and vault maps discovered:
D:1:      zaba_arrival_water, layout_loops_ring, minmay_misc_feat_rugged
D:2:      layout_rooms, basic_altar, ebering_ecumenical_altar_hall,
          amethyst_killhole, st_stairs_13, kennysheep_nub, serial_bayou_lake_a,
          uniq_sigmund

Skill      XL: |  1  2 |
---------------+-------+-----
Long Blades    | 2 |  2.2
Fighting       | 3 |  3.0
Armour         | 4 |  4.0
Shields        | |  3.6

Action                     || total
---------------------------++-------
  Melee: Long sword        ||    77
         Tailslap          ||     2
    Use: Scroll            ||     2
 Armour: Scale mail        ||    41
         Chain mail        ||     8
  Dodge: Dodged            ||    19
  Block: Buckler           ||    15

Table legend: (Time is in decaauts)
 A = Elapsed time spent in this place.
 B = Non-inter-level travel time spent in this place.
 C = Inter-level travel time spent in this place.
 D = Time resting spent in this place.
 E = Time spent auto-exploring this place.
 F = Levels seen in this place.
 G = Mean time per level.
                   A        B        C        D        E       F      G
               +--------+--------+--------+--------+--------+-----+--------+
         Total |    999 |    933 |     66 |    186 |    521 |   2 |  499.5 |
       Dungeon |    999 |    933 |     66 |    186 |    521 |   2 |  499.5 |
               +--------+--------+--------+--------+--------+-----+--------+

Top non-repeatable levels by time:
     D:1: 985 daAuts
     D:2: 14 daAuts
